 Dungeon Crawl Stone Soup version 0.14-a0-426-gb52781e (webtiles) character file.

112529 Rycklaryybbe the Destroyer (level 16, -4/90 HPs)
             Began as a Tengu Conjurer on Aug 19, 2013.
             Was the Champion of Jiyva.
             Slain by a cyclops (23 damage)
             ... on Level 1 of the Vaults on Oct 28, 2013.
             The game lasted 05:07:18 (53012 turns).

Rycklaryybbe the Destroyer (Tengu Conjurer)        Turns: 53012, Time: 05:07:18

HP  -4/90        AC  6     Str 10 (11) XL: 16   Next: 21%
MP  27/35        EV 22     Int 20      God: Jiyva [******]
Gold 1415        SH  0     Dex 19      Spells: 10 memorised,  7 levels left

Res.Fire  : + . .   See Invis. : +   N - +6,+0 short sword of Plunder {flame, Str+1 Dex+1 Int+2}
Res.Cold  : . . .   Warding    : .   l - +1 elf ring mail {rF+}
Life Prot.: . . .   Conserve   : .   (no shield)
Res.Poison: .       Res.Corr.  : +   (helmet restricted)
Res.Elec. : .       Clarity    : .   (no cloak)
Sust.Abil.: . .     Spirit.Shd : .   (no gloves)
Res.Mut.  : .       Stasis     : .   (boots unavailable)
Res.Rott. : .       Flight     : +   z - amulet of the gourmand
Gourmand  : +                        I - ring of protection from magic {unknown}
                                     u - +3 ring of evasion

@: burdened, flying, quite resistant to hostile enchantments, unstealthy
A: able to fly continuously, beak, talons 3, see invisible, carnivore 3
a: Stop Flying, Request Jelly, Jelly Paralyse, Slimify, Cure Bad Mutation,
Renounce Religion
}: 1/15 runes: slimy


You were on level 1 of the Vaults.
You worshipped Jiyva.
Jiyva was exalted by your worship.
You were encumbered.
You were completely stuffed.

You visited 5 branches of the dungeon, and saw 34 of its levels.
You also visited: Ice Cave.

You collected 1969 gold pieces.
You spent 574 gold pieces at shops.

Inventory:

Hand weapons
 a - a +1,+3 orcish flail of protection
 m - the +2,+3 sabre of Experimentation {holy, +Inv rN+ Int+2}
   (You found it on level 6 of the Pits of Slime)

   It has been blessed by the Shining One to cause great damage to the undead
   and demons.
   It affects your intelligence (+2).
   It protects you from negative energy.
   It lets you turn invisible.
 B - a +6,+2 elven sabre of freezing
 E - a +4,+4 scimitar of flaming
 N - the +6,+0 short sword of Plunder (weapon) {flame, Str+1 Dex+1 Int+2}
   (You found it on level 6 of the Dungeon)

   It emits flame when wielded, causing extra injury to most foes and up to
   double damage against particularly susceptible opponents.
   Big, fiery blades are also staple armaments of hydra-hunters.
   It affects your strength (+1).
   It affects your intelligence (+2).
   It affects your dexterity (+1).
Armour
 g - a +2 buckler of protection
 i - a +2 robe of cold resistance
 l - a +1 elven ring mail of fire resistance (worn)
 p - a +0 pair of gloves of strength
 q - a +1 orcish robe of positive energy
 x - the +5 shield of Resistance {rF+ rC+ MR+}
   (You found it on level 6 of the Pits of Slime)

   It protects you from fire.
   It protects you from cold.
   It affects your resistance to hostile enchantments.
 Z - a +1 cloak
Magical devices
 L - a wand of hasting (4)
 V - a wand of disintegration (1)
Comestibles
 w - 5 meat rations
 O - a rotting chunk of orc flesh
 P - 8 bread rations
Scrolls
 d - a scroll of fear
 e - a scroll of recharging
 f - 13 scrolls of remove curse
 t - 2 scrolls of teleportation
 v - 4 scrolls of amnesia
 F - a scroll of silence
 W - a scroll of enchant weapon I
 X - a scroll of fog
 Y - 2 scrolls of enchant weapon II
Jewellery
 c - an uncursed ring of ice
 k - an uncursed ring of fire
 o - an uncursed ring of sustenance
 s - the ring of Ashenzari's Fury {rN+ Str+3 Dam-4}
   (You found it on level 6 of the Pits of Slime)

   [ring of positive energy]

   It affects your strength (+3).
   It affects your damage-dealing abilities (-4).
 u - a +3 ring of evasion (left hand)
 z - an amulet of the gourmand (around neck)
 I - a ring of protection from magic (right hand) {unknown}
 J - a +2 ring of dexterity
 Q - an uncursed ring of protection from fire
Potions
 h - a potion of resistance
 j - a potion of curing
 n - a potion of porridge
 r - a potion of invisibility
 G - a potion of agility
 S - 2 potions of brilliance
Books
 y - a book of the Sky

   Spells                             Type                      Level
   Flight                             Charms/Air                   3
   *Airstrike                         Air                          4
   Silence                            Hexes/Air                    5
   Deflect Missiles                   Charms/Air                   6
   Conjure Ball Lightning             Conjuration/Air              6
   Tornado                            Air                          9
 A - a book of Cantrips

   Spells                             Type                      Level
   Confusing Touch                    Hexes                        1
   *Animate Skeleton                  Necromancy                   1
   Summon Small Mammal                Summoning                    1
   Apportation                        Translocation                1
 C - a book of Power

   Spells                             Type                      Level
   *Iskenderun's Mystic Blast         Conjuration                  4
   Venom Bolt                         Conjuration/Poison           5
   Bolt of Magma                      Conjuration/Fire/Earth       5
   *Fulminant Prism                   Conjuration/Hexes            5
   Iron Shot                          Conjuration/Earth            6
   Orb of Destruction                 Conjuration                  7
 H - a book of Burglary

   Spells                             Type                      Level
   Apportation                        Translocation                1
   Swiftness                          Charms/Air                   2
   Passwall                           Transmutation/Earth          3
   Passage of Golubria                Translocation                4
   Lee's Rapid Deconstruction         Earth                        5
   Darkness                           Hexes                        7
 K - a book of Air

   Spells                             Type                      Level
   Shock                              Conjuration/Air              1
   Swiftness                          Charms/Air                   2
   *Repel Missiles                    Charms/Air                   2
   Flight                             Charms/Air                   3
   Static Discharge                   Conjuration/Air              3
   Lightning Bolt                     Conjuration/Air              5
 M - Sif Muna's Tome of the Excruciating Birds
   (Sif Muna gifted it to you on level 6 of the Lair of Beasts)

   Spells                             Type                      Level
   Shock                              Conjuration/Air              1
   Mephitic Cloud                     Conjuration/Poison/Air       3
   *Airstrike                         Air                          4
   Deflect Missiles                   Charms/Air                   6
   *Freezing Cloud                    Conjuration/Ice/Air          6
Magical staves
 b - an uncursed staff of wizardry


   Skills:
 - Level 8.8 Fighting
 + Level 5.0 Short Blades
 - Level 2.2 Long Blades
 - Level 2.9 Maces & Flails
 - Level 0.4 Staves
 - Level 2.0 Armour
 - Level 10.2 Dodging
 - Level 4.3 Stealth
   Level 7.5 Shields
 - Level 12.2 Spellcasting
 + Level 17.4 Conjurations
 - Level 15.3 Air Magic
 - Level 6.3 Invocations
 - Level 2.1 Evocations


You had 7 spell levels left.
You knew the following spells:

 Your Spells              Type           Power        Failure   Level  Hunger
a - Magic Dart            Conj           ####         0%          1    None
b - Dazzling Spray        Conj/Hex       #####...     1%          3    None
c - Iskenderun's Battles  Conj/Chrm      #####...     1%          4    #......
d - Iskenderun's Mystic   Conj           ######..     1%          4    #......
e - Searing Ray           Conj           ######       0%          2    None
f - Fulminant Prism       Conj/Hex       #####.....   6%          5    ###....
h - Freezing Cloud        Conj/Ice/Air   ######....   12%         6    ######.
i - Airstrike             Air            ######....   1%          4    #......
j - Repel Missiles        Chrm/Air       #####.....   1%          2    None
k - Animate Skeleton      Necr           N/A          6%          1    None


Dungeon Overview and Level Annotations

Branches:
Dungeon (15/27)            Temple (0/1) D:6             Orc (4/4) D:9
    Elf (0/3) Orc:3          Lair (8/8) D:13         Shoals (0/5) Lair:6
  Snake (0/5) Lair:5        Slime (6/6) Lair:8       Vaults (1/5) D:15

Altars:
Ashenzari
Elyvilon
Fedhas
Makhleb
Nemelex Xobeh
Okawaru
Sif Muna
Yredelemnul
Zin
Beogh
Jiyva

Shops:
D:11 !*   Orc:4 }(%(

Portals:
Hell: Lair:8

Annotations:
D:14 Nikola
Slime:6 Royal Jelly
Vaults:1 Agnes


Innate Abilities, Weirdness & Mutations

You can fly continuously.
You have a beak for a mouth.
You have claws for feet.
You have supernaturally acute eyesight.
You are carnivorous and can eat meat at any time.


Message History

The cyclops barely misses your azure jelly.
Your azure jelly dissolves into a puddle of slime!
Cast which spell? (? or * to list)
You don't know that spell.
Unknown command.
Cast which spell? (? or * to list)
Aiming: Iskenderun's Mystic Blast
Press: ? - help, Shift-Dir - straight line, f - cyclops
Aim: a cyclops The orb of energy hits the cyclops.
The cyclops is heavily wounded.
Casting: Iskenderun's Mystic Blast
Confirm with . or Enter, or press ? or * to list all spells.
Aiming: Iskenderun's Mystic Blast
Press: ? - help, Shift-Dir - straight line, f/p - cyclops
Aim: a cyclops (heavily wounded)
The orb of energy hits the cyclops.
The cyclops is almost dead.
The cyclops hits you!
You die...

##### #### #.... ...
##########... ..
#........#..# #.
#..@.....#..# #.
#..C.....#..# #.
#.......)#..# #.
#....>>..'..# #.
#........#..# #.
##########..#######.
#..........
#..........
#####'######'##


You could see a cyclops.

Vanquished Creatures
  A vault warden (Vaults:1)
  An orc warlord (Orc:2)
  A frost giant (IceCv)
  A death ooze (Vaults:1)
  A yaktaur captain (Vaults:1)
  Fannar (Lair:4)
  Josephine (D:15)
  8 hydras
  Erica (D:11)
  A ravenous item mimic (Vaults:1)
  3 death yaks
  An orc high priest (Orc:2)
  2 dancing weapons (D:15)
  A sun demon (Lair:8)
  Nergalle (Orc:2)
  2 centaur warriors (Vaults:1)
  2 unseen horrors
  Erolcha (D:9)
  A ball lightning (Vaults:1)
  9 hill giants
  9 orc knights
  5 harpies (Vaults:1)
  Joseph (Orc:2)
  A wizard (Lair:8)
  3 orc sorcerers
  4 black mambas
  A cyclops (D:13)
  3 elephants (Lair:5)
  3 griffons
  A vault sentinel (Vaults:1)
  An orange demon (Lair:8)
  A spiny frog (shapeshifter) (D:13)
  A feature mimic (Lair:6)
  Psyche (Orc:2)
  10 spiny frogs
  A smoke demon (Lair:8)
  6 fire drakes
  A hydra zombie (D:15)
  3 hellwings (Lair:8)
  3 red devils
  11 yaktaurs (Vaults:1)
  6 trolls
  13 polar bears (IceCv)
  7 komodo dragons
  5 slime creatures
  4 blink frogs
  A snapping turtle (Lair:6)
  A two-headed ogre (D:12)
  3 basilisks
  A dragon zombie (D:15)
  2 sharks (Lair:7)
  A shadow (D:15)
  14 ugly things
  3 wraiths
  An elephant slug (Lair:3)
  A hill giant zombie (D:15)
  10 hippogriffs
  9 vampire mosquitoes
  53 yaks
  Grum (D:8)
  A chaos spawn (Orc:2)
  4 molten gargoyles (D:9)
  2 soldier ants
  4 hungry ghosts
  A steam dragon (D:10)
  Edmund (D:6)
  19 wolves
  4 necrophages
  A manticore (D:15)
  53 orc warriors
  A sky beast (D:6)
  8 ice beasts
  6 phantoms
  A yellow wasp (D:6)
  4 porcupines
  13 ogres
  A giant goldfish (Lair:7)
  A blink frog zombie (D:13)
  5 centaurs
  A giant amoeba simulacrum (D:15)
  A tengu (shapeshifter) (D:15)
  A boring beetle (Lair:7)
  21 crocodiles
  Sigmund (D:6)
  Duvessa (D:6)
  A big kobold (D:15)
  2 giant slugs
  5 rotting devils (Lair:8)
  5 wargs (Orc:4)
  A cyclops zombie (D:14)
  Blork the orc (D:4)
  20 giant frogs
  15 water moccasins
  10 agate snails
  A hippogriff zombie (Lair:8)
  7 killer bees
  2 cyclops skeletons
  A manticore skeleton (D:7)
  A yak zombie (D:15)
  2 boulder beetle zombies (Vaults:1)
  A troll zombie (D:9)
  A yak skeleton (D:15)
  A troll skeleton (D:8)
  5 electric eels
  14 crimson imps
  Dowan (D:6)
  23 wights
  6 goliath beetles
  10 hounds
  2 big fish
  A centaur skeleton (D:12)
  A yellow wasp zombie (D:7)
  21 jellies
  25 orc priests
  A giant frog skeleton (D:12)
  A basilisk zombie (D:13)
  A spectral orc (Orc:1)
  A two-headed ogre skeleton (D:12)
  9 iguanas
  23 orc wizards
  A basilisk skeleton (D:14)
  2 scorpions
  An orange rat (D:9)
  12 sheep
  13 worker ants
  A crocodile zombie (D:12)
  Ijyb (D:6)
  A mottled dragon skeleton (D:11)
  A big kobold skeleton (D:12)
  2 hound skeletons
  A mummy (D:8)
  A gnoll (D:1)
  20 adders
  62 green rats
  4 giant mites
  A steam dragon skeleton (D:8)
  3 giant centipedes
  12 white imps (Orc:2)
  A goliath beetle zombie (D:10)
  A worm (D:6)
  A scorpion zombie (D:8)
  17 oozes
  3 giant eyeballs
  10 giant geckos
  187 orcs
  A ball python (D:3)
  22 goblins
  4 grey rats (D:9)
  26 hobgoblins
  26 jackals
  9 quokkas
  29 bats
  4 giant cockroaches
  A giant gecko skeleton (D:5)
  A giant gecko zombie (D:6)
  4 giant newts
  3 giant spores
  A hobgoblin skeleton (D:7)
  17 kobolds
  2 orc skeletons (D:6)
  An orc zombie (D:7)
  30 rats
  4 ballistomycetes (D:8)
  2 plants
1170 creatures vanquished.

Vanquished Creatures (collateral kills)
  Aizul (D:15)
  A dire elephant (Lair:8)
  A yaktaur captain (Vaults:1)
  A death yak (Lair:7)
  2 hill giants
  4 orc knights
  A red wasp (shapeshifter) (Vaults:1)
  A yaktaur (Vaults:1)
  A shark (Lair:7)
  A hill giant zombie (D:15)
  A yak (Lair:7)
  An orc warrior (Vaults:1)
  A freezing wraith (Vaults:1)
  An agate snail (Vaults:1)
  A crimson imp (D:13)
  A goliath beetle (D:15)
  An orc (Vaults:1)
21 creatures vanquished.

Vanquished Creatures (others)
  7 acid blobs
  2 eldritch tentacles (Slime:6)
  A hydra (D:15)
  A soul eater (Slime:6)
  A centaur warrior (Vaults:1)
  A giant orange brain (Slime:6)
  A sea snake (Slime:6)
  A ball lightning (Slime:6)
  A giant amoeba (Slime:6)
  A human skeleton (Vaults:1)
  A polar bear (IceCv)
  11 slime creatures
  4 brown oozes
  2 ugly things (D:15)
  A shadow (D:15)
  A yak (D:13)
  2 golden eyes
  A wolf (IceCv)
  A human zombie (Lair:8)
  An ogre (Orc:4)
  A crocodile (Lair:8)
  A warg (Orc:1)
  A giant frog (Lair:7)
  A pulsating lump (Slime:6)
  A yak skeleton (D:15)
  6 orc priests
  151 jellies
  5 orc wizards
  5 sheep (Lair:7)
  5 fulminant prisms
  4 green rats (Lair:7)
  3 lemures (Slime:6)
  A white imp (Slime:6)
  An orc skeleton (Vaults:1)
  An ufetubus (Slime:6)
  A giant centipede zombie (D:14)
  5 giant eyeballs
  An ooze (Slime:6)
  27 orcs
  A hobgoblin (Orc:1)
  2 kobolds (D:15)
  A rat (Orc:1)
  2 ballistomycetes (D:8)
  17 eldritch tentacle segments (Slime:6)
  9 fungi
  5 plants
300 creatures vanquished.

Grand Total: 1491 creatures vanquished

Notes
Turn   | Place    | Note
--------------------------------------------------------------
     0 | D:1      | Rycklaryybbe, the Tengu Conjurer, began the quest for the Orb.
     0 | D:1      | Reached XP level 1. HP: 10/10 MP: 3/3
   182 | D:1      | Reached XP level 2. HP: 15/15 MP: 0/5
   576 | D:1      | Reached XP level 3. HP: 19/19 MP: 2/8
  1023 | D:2      | Learned a level 3 spell: Dazzling Spray
  1213 | D:2      | Reached XP level 4. HP: 24/24 MP: 7/10
  2347 | D:3      | Found a deep blue altar of Sif Muna.
  2372 | D:3      | Became a worshipper of Sif Muna the Loreminder
  2463 | D:3      | Reached XP level 5. HP: 28/28 MP: 10/14
  2518 | D:3      | Noticed an ogre
  2528 | D:3      | Killed an ogre
  2528 | D:3      | Reached skill level 5 in Spellcasting
  2924 | D:4      | Reached XP level 6. HP: 12/32 MP: 10/17
  3093 | D:4      | Reached skill level 6 in Conjurations
  3450 | D:4      | Found a shattered altar of Ashenzari.
  3712 | D:3      | Learned a level 4 spell: Iskenderun's Battlesphere
  3717 | D:3      | Learned a level 4 spell: Iskenderun's Mystic Blast
  3849 | D:4      | Noticed Blork the orc
  3853 | D:4      | Killed Blork the orc
  3853 | D:4      | Reached skill level 1 in Fighting
  3938 | D:4      | Found a sparkling altar of Nemelex Xobeh.
  4151 | D:5      | Entered Level 5 of the Dungeon
  4307 | D:5      | Acquired Sif Muna's first power
  4354 | D:5      | Reached XP level 7. HP: 37/37 MP: 14/19
  4531 | D:5      | Reached skill level 7 in Conjurations
  5663 | D:6      | Noticed Edmund
  5663 | D:6      | Noticed Sigmund
  5665 | D:6      | Noticed Duvessa
  5671 | D:6      | Noticed Dowan
  5814 | D:6      | Noticed Ijyb
  5820 | D:6      | Killed Ijyb
  5820 | D:6      | Reached XP level 8. HP: 38/43 MP: 9/21
  6233 | D:6      | Reached skill level 8 in Conjurations
  6306 | D:6      | Killed Duvessa
  6463 | D:6      | Killed Dowan
  6626 | D:6      | Killed Sigmund
  6872 | D:6      | Acquired Sif Muna's second power
  6872 | D:6      | Reached skill level 5 in Fighting
  6872 | D:6      | Reached skill level 9 in Conjurations
  6872 | D:6      | Reached XP level 9. HP: 43/49 MP: 8/23
  7144 | D:6      | Found a staircase to the Ecumenical Temple.
  7184 | D:6      | Noticed a troll
  7189 | D:6      | Killed a troll
  7219 | D:6      | Killed Edmund
  7219 | D:6      | Reached skill level 10 in Conjurations
  7591 | D:6      | Got a brightly glowing short sword
  7592 | D:6      | Identified the short sword of Plunder {flame, Str+1 Dex+1 Int+2} (You found it on level 6 of the Dungeon)
  8110 | D:7      | Found a white marble altar of Elyvilon.
  8157 | D:7      | Found a glowing silver altar of Zin.
  8157 | D:7      | Noticed an angel
  8251 | D:7      | Reached skill level 1 in Armour
  8433 | D:7      | Found an iron altar of Okawaru.
  8478 | D:7      | Found a burning altar of Makhleb.
  9398 | D:8      | Reached skill level 11 in Conjurations
  9398 | D:8      | Reached XP level 10. HP: 42/55 MP: 9/26
  9745 | D:8      | Noticed Grum
  9748 | D:8      | Acquired Sif Muna's third power
  9749 | D:8      | Killed Grum
 10210 | D:8      | Reached skill level 12 in Conjurations
 10249 | D:8      | Paralysed by a giant eyeball for 3 turns
 10477 | D:8      | Reached skill level 1 in Invocations
 10640 | D:8      | Learned a level 2 spell: Searing Ray
 11529 | D:9      | Reached skill level 5 in Invocations
 12068 | D:9      | Found a staircase to the Orcish Mines.
 12098 | D:9      | Found a basalt altar of Yredelemnul.
 12468 | D:9      | Found a blossoming altar of Fedhas.
 12472 | D:9      | Noticed Erolcha
 12477 | D:9      | Killed Erolcha
 12477 | D:9      | Reached XP level 11. HP: 44/60 MP: 9/28
 12664 | D:9      | Reached skill level 13 in Conjurations
 13097 | D:10     | Entered Level 10 of the Dungeon
 14226 | D:11     | Found Waop's General Store.
 14452 | D:10     | Got a twisted ring mail
 14645 | D:10     | Identified the -2 ring mail "Brukh" {SInv} (You took it off an orc on level 10 of the Dungeon)
 14648 | D:11     | Noticed an unseen horror
 14651 | D:11     | Killed an unseen horror
 14651 | D:11     | Reached skill level 14 in Conjurations
 14709 | D:11     | Learned a level 5 spell: Fulminant Prism
 15601 | D:11     | Found Klaiv's Distillery.
 15612 | D:11     | Bought a potion of heal wounds for 42 gold pieces
 15612 | D:11     | Bought a potion of heal wounds for 42 gold pieces
 15612 | D:11     | Bought a potion of beneficial mutation for 490 gold pieces
 15613 | D:11     | Gained mutation: You evolve. [potion of beneficial mutation]
 15810 | D:11     | Noticed Erica
 15815 | D:11     | Killed Erica
 15945 | D:11     | Reached skill level 10 in Spellcasting
 16156 | D:11     | Gained mutation: You are partially covered in icy blue scales (AC +1). [evolution]
 16156 | D:11     | Lost mutation: You evolve. [end of evolution]
 16500 | D:12     | Noticed a hill giant
 16635 | D:11     | Rycklaryybbe: о привет
 16635 | D:11     | Rycklaryybbe: давно не видно тебя было
 16637 | D:12     | Chaositek: Привет
 16638 | D:12     | Chaositek: Я отдахал
 16638 | D:12     | Chaositek: И в адом играл
 16638 | D:12     | Rycklaryybbe: круто
 16639 | D:12     | Rycklaryybbe: разобрался немного в адоме?
 16639 | D:12     | Chaositek: Гном Визард 15 лвла мой максимум
 16639 | D:12     | Chaositek: Да вроде во всем разобрался
 16639 | D:12     | Rycklaryybbe: где бывал?
 16639 | D:12     | Rycklaryybbe: на арене был?
 16639 | D:12     | Chaositek: Прочитал свиток мануал к IBM PC
 16639 | D:12     | Rycklaryybbe: ыыы
 16639 | D:12     | Chaositek: Умер
 16642 | D:11     | Rycklaryybbe: lol
 16642 | D:11     | Rycklaryybbe: а я кравл уже пару раз прошел
 16642 | D:11     | Rycklaryybbe: стабберами)
 16642 | D:11     | Chaositek: От перма конфуза есть спасение?
 16642 | D:11     | Rycklaryybbe: хммм
 16642 | D:11     | Rycklaryybbe: не помню даже
 16642 | D:11     | Rycklaryybbe: а откуда перма конфуз:
 16643 | D:11     | Chaositek: Прочитал свиток IBM PC
 16645 | D:11     | Rycklaryybbe: а, да
 16645 | D:11     | Chaositek: Охуел и оконфузился перманентно
 16645 | D:11     | Chaositek: Для мага это сразу смерть
 16645 | D:11     | Chaositek: Жестокая игра этот Адом
 16645 | D:11     | Rycklaryybbe: есть такое
 16761 | D:11     | Chaositek: Как то раз от чумы умер даже за монаха мощного
 16774 | D:11     | Rycklaryybbe: чумы?
 16774 | D:11     | Chaositek: Ну от болезни
 16774 | D:11     | Rycklaryybbe: сикнесс?
 16774 | D:11     | Rycklaryybbe: а, да
 16774 | D:11     | Chaositek: угу
 16774 | D:11     | Rycklaryybbe: мощная штука
 16774 | D:11     | Rycklaryybbe: надо сразу лечиться
 16774 | D:11     | Chaositek: Меня перед тем как выличится болезнь последний раз ударила по хелсам и я умер
 16774 | D:11     | Rycklaryybbe: не ешь кобольдов
 16774 | D:11     | Chaositek: Это я с кравла знаю
 16774 | D:11     | Rycklaryybbe: ты с поеданием трупов разобрался кстати?
 16774 | D:11     | Chaositek: более менее
 16774 | D:11     | Rycklaryybbe: пауков ешь?
 16774 | D:11     | Chaositek: Нет они ядовитые
 16774 | D:11     | Rycklaryybbe: хе-хе
 16774 | D:11     | Rycklaryybbe: адом велик
 16774 | D:11     | Chaositek: Ем пикси и блине дога
 16774 | D:11     | Rycklaryybbe: если ты съешь паука
 16774 | D:11     | Chaositek: блинк*
 16774 | D:11     | Rycklaryybbe: ты отравишься
 16774 | D:11     | Rycklaryybbe: ты читай что пишу
 16774 | D:11     | Rycklaryybbe: ты отравишься
 16774 | D:11     | Rycklaryybbe: но получишь резист к яду
 16774 | D:11     | Rycklaryybbe: так что ешь пауков
 16774 | D:11     | Chaositek: Охлол
 16774 | D:11     | Rycklaryybbe: ага ;)
 16774 | D:11     | Rycklaryybbe: притом ты съешь, отравишься, но яд пройдет быстрее, потому что уже резист
 16774 | D:11     | Chaositek: У меня был телепортирующийся монах, мощная штука
 16774 | D:11     | Rycklaryybbe: это для любого класса мощная штука
 16774 | D:11     | Rycklaryybbe: но когда ты увидишь лужу
 16774 | D:11     | Rycklaryybbe: и захочешь испить
 16774 | D:11     | Rycklaryybbe: ты можешь потерять контроль))
 16774 | D:11     | Rycklaryybbe: классическая ситуация
 16774 | D:11     | Chaositek: или получить
 16776 | D:12     | Chaositek: Я как то через лужу получил
 16776 | D:12     | Rycklaryybbe: но когда есть, ты скорее всего его потеряешь ;))
 16779 | D:12     | Reached skill level 15 in Conjurations
 16998 | D:12     | Received a gift from Sif Muna
 17000 | D:12     | Reached skill level 5 in Dodging
 17164 | D:11     | Rycklaryybbe: в общем так же со всеми трупами
 17164 | D:11     | Rycklaryybbe: огненых, ледяных
 17164 | D:11     | Rycklaryybbe: ешь и получаешь резист
 17164 | D:11     | Rycklaryybbe: и как в кравле, на яд 1 оезист, на огонь в адоме два помоему
 17164 | D:11     | Chaositek: Понятно, я вот ни адом ни кравл так и не прошел
 17164 | D:11     | Rycklaryybbe: т.е. два трупака надо
 17164 | D:11     | Rycklaryybbe: и больше
 17164 | D:11     | Rycklaryybbe: ну, кравл это фигня по сравнению с адомом конечно
 17164 | D:11     | Rycklaryybbe: я вот второй месяц играю
 17164 | D:11     | Chaositek: МНе в адоме бесконечные подземелья не нравятся
 17164 | D:11     | Rycklaryybbe: адом я намного дольше проходил
 17164 | D:11     | Rycklaryybbe: в адоме только одна бесконечная пещера
 17164 | D:11     | Chaositek: Бесконечный источник лута и опыта на начальных уровнях
 17164 | D:11     | Rycklaryybbe: не нравится -- не пользуйся
 17164 | D:11     | Rycklaryybbe: никто ж не заставляет
 17164 | D:11     | Chaositek: Со сколькими рунами прошел кравл?
 17164 | D:11     | Rycklaryybbe: но нубы вроде тебя по другому обычно не выживают в адоме)
 17164 | D:11     | Rycklaryybbe: с тремя
 17178 | D:11     | Chaositek: Эх везет тебе, надо тоже пройти кравл
 17178 | D:11     | Rycklaryybbe: бери энчантера)
 17178 | D:11     | Rycklaryybbe: я сприганом прошел первый раз
 17178 | D:11     | Rycklaryybbe: второй dsas
 17178 | D:11     | Rycklaryybbe: оф кику, а потом сменил на ашензари
 17178 | D:11     | Rycklaryybbe: орб вытащил никого не разбудив)
 17240 | D:11     | Reached XP level 12. HP: 42/65 MP: 21/30
 17511 | D:11     | Chaositek: Тебе надо нетхак попробывать, он ближе по духу к АДОМУ
 17511 | D:11     | Rycklaryybbe: верю
 17511 | D:11     | Rycklaryybbe: но у меня о нем сложилось определенное мнение
 17511 | D:11     | Rycklaryybbe: и не тянет как-то
 17511 | D:11     | Rycklaryybbe: адом я считаю вершиной :)
 17635 | D:12     | Identified Sif Muna's Tome of Combat Magic (Sif Muna gifted it to you on level 12 of the Dungeon)
 17637 | D:12     | Chaositek: МНе не показалось что АДОМ это вершина
 17637 | D:12     | Rycklaryybbe: хотя как-то попробую
 17637 | D:12     | Rycklaryybbe: ну ты только малую часть адома видел
 17637 | D:12     | Chaositek: АДОМ один из великих но никто из них не является лучшим
 17637 | D:12     | Chaositek: Мне вот в адоме не нравится отсутствие описания вещей.
 17637 | D:12     | Chaositek: И маленькие уровни подземелий
 17637 | D:12     | Rycklaryybbe: ну подземелья из-за интерфейса сделаны
 17637 | D:12     | Rycklaryybbe: тут все ок
 17637 | D:12     | Rycklaryybbe: а какое описание?
 17637 | D:12     | Rycklaryybbe: ты о чем
 17637 | D:12     | Chaositek: Нажми инвентарь в кравле
 17637 | D:12     | Chaositek: и выбери любую вещь
 17637 | D:12     | Chaositek: вот этого нет в адоме
 17637 | D:12     | Rycklaryybbe: ))
 17637 | D:12     | Rycklaryybbe: тут что-то важное есть?)
 17637 | D:12     | Rycklaryybbe: ценное?
 17637 | D:12     | Chaositek: Нет просто приятно
 17637 | D:12     | Rycklaryybbe: полезное?
 17637 | D:12     | Rycklaryybbe: а, приятно
 17637 | D:12     | Chaositek: Даже цитата есть
 17637 | D:12     | Rycklaryybbe: тогда может тебя не в рогалики играть надо)
 17637 | D:12     | Rycklaryybbe: ну ты в пещере нашел какую-то хрень
 17637 | D:12     | Rycklaryybbe: откуда тебе знать что это
 17637 | D:12     | Rycklaryybbe: вес, цитаты..
 17637 | D:12     | Chaositek: Там есть слова которые мой словарь не знает
 17637 | D:12     | Rycklaryybbe: да
 17637 | D:12     | Rycklaryybbe: в адоме литературный язык
 17637 | D:12     | Rycklaryybbe: не тривиальный
 17637 | D:12     | Rycklaryybbe: это еще один плюс
 17637 | D:12     | Chaositek: И я хз что шмотка значит, если бы было описание я бы из описания примерно понял что это
 17637 | D:12     | Rycklaryybbe: есть заклинание
 17637 | D:12     | Rycklaryybbe: identify
 17637 | D:12     | Chaositek: Например Fletchery set - набор инструментов для создания стрел
 17637 | D:12     | Rycklaryybbe: и есть greater identify
 17637 | D:12     | Rycklaryybbe: юзай заклинания и узнаешь о вещи
 17637 | D:12     | Rycklaryybbe: или же юзай мозг
 17637 | D:12     | Rycklaryybbe: иногда помогает
 17637 | D:12     | Rycklaryybbe: иногда нет
 17637 | D:12     | Chaositek: =)
 17637 | D:12     | Rycklaryybbe: нет, правда
 17637 | D:12     | Rycklaryybbe: в кравле нулевое использование вещей
 17637 | D:12     | Rycklaryybbe: выпил, съел
 17637 | D:12     | Chaositek: Ну это да, в АДОМЕ И НетХаке можно более разнообразно использовать вещи
 17637 | D:12     | Rycklaryybbe: вот подумай, сколько применений ты найдешь для si
 17637 | D:12     | Rycklaryybbe: ты уже находил si?
 17637 | D:12     | Chaositek: В нетхаке можно жрать кольца, их эффект будет перманентен
 17637 | D:12     | Chaositek: Нет
 17637 | D:12     | Rycklaryybbe: это такой артефакт, который размножается в инвентаре
 17637 | D:12     | Rycklaryybbe: но он ничего не делает
 17637 | D:12     | Rycklaryybbe: strange item. si
 17637 | D:12     | Rycklaryybbe: так вот я ему массу мненений нахожу и по сей день)
 17637 | D:12     | Chaositek: Продавать?
 17637 | D:12     | Rycklaryybbe: ну продовать это само собой
 17637 | D:12     | Rycklaryybbe: жертвовать можно
 17637 | D:12     | Rycklaryybbe: но лучше продать и жертвовать деньги
 17637 | D:12     | Rycklaryybbe: им можно драться еще
 17637 | D:12     | Rycklaryybbe: артефакты не разрушаемы
 17637 | D:12     | Rycklaryybbe: иногда, что бы не портить оружие, я одеваю си )))
 17637 | D:12     | Chaositek: Кстати насчет жертвования, что любит бог крысюков?
 17637 | D:12     | Rycklaryybbe: урон конечно не валом, но
 17637 | D:12     | Rycklaryybbe: смотря какой
 17637 | D:12     | Rycklaryybbe: но все боги любят живые жертвы
 17637 | D:12     | Chaositek: Sssaaasss
 17637 | D:12     | Rycklaryybbe: только нейтральные боги не любят нейтральные жертвы
 17637 | D:12     | Rycklaryybbe: добрые добрые
 17637 | D:12     | Rycklaryybbe: злым пох, можно смело всех жертвовать
 17644 | D:12     | Killed a hill giant
 17645 | D:12     | Chaositek: Каос Кнайт классный класс
 17652 | D:12     | Chaositek: Живучий да еще и мутации
 17652 | D:12     | Rycklaryybbe: это новый
 17652 | D:12     | Rycklaryybbe: не играл им
 17652 | D:12     | Chaositek: Я как то сьел темного друида
 17665 | D:12     | Chaositek: И у моего чувака крышак поехал
 17670 | D:12     | Chaositek: Когда я умер у меня счет был за минус, почему?
 17691 | D:12     | Rycklaryybbe: не знаю
 17695 | D:12     | Chaositek: За коррапты минусуют очки чтоли?
 17695 | D:12     | Rycklaryybbe: может быть
 17695 | D:12     | Rycklaryybbe: не помнб
 17802 | D:12     | Rycklaryybbe: но кушать хаосников это жесть
 17802 | D:12     | Chaositek: Мне нравятся коррапты
 17802 | D:12     | Rycklaryybbe: ты бы лучше трупак в деревню отнес
 17802 | D:12     | Rycklaryybbe: а, нравятся
 17802 | D:12     | Rycklaryybbe: тогда понятно
 17802 | D:12     | Chaositek: С моим презервэйшном это было не реально
 17802 | D:12     | Rycklaryybbe: когда сзоднешь из-за их кол-ва и потеряешь перспективного чара -- будут меньше нравиться
 17829 | D:12     | Chaositek: Да я читал что можно стать кучей говна от корраптов
 17836 | D:12     | Rycklaryybbe: любить корапты это одно
 17836 | D:12     | Rycklaryybbe: а собирать их, когда еще молоко на губах не обсохло, это другое
 17836 | D:12     | Rycklaryybbe: корраптов в адоме тебе хватит, поверь
 17836 | D:12     | Chaositek: реально за нейтралитет игру пройти?
 17836 | D:12     | Rycklaryybbe: только спустить пониже, поближе к вратам хаоса
 17836 | D:12     | Rycklaryybbe: реально
 17836 | D:12     | Rycklaryybbe: это вообще не важно
 17836 | D:12     | Rycklaryybbe: нейтральный, хаос, законник
 17836 | D:12     | Rycklaryybbe: за любого проходится
 17836 | D:12     | Rycklaryybbe: адом, к слову, вообще реально без убийств пройти
 17836 | D:12     | Rycklaryybbe: ну только одно там убить придется
 17836 | D:12     | Chaositek: Опыт на взломе ловушек получать? =)
 17836 | D:12     | Rycklaryybbe: опыт ты получаешь играя до этого)
 17836 | D:12     | Rycklaryybbe: в адоме не перс выигрывает а игрок, лол
 17836 | D:12     | Rycklaryybbe: так что да, первым левелом реально пройти адом
 17836 | D:12     | Rycklaryybbe: но это работа конечно
 18028 | D:12     | Rycklaryybbe: еще есть челендж, где нельзя, что бы за раз на тебе было веса больше чем 100
 18028 | D:12     | Rycklaryybbe: потому что вес орбов 100
 18028 | D:12     | Rycklaryybbe: и есть чуваки которые проходили так
 18028 | D:12     | Rycklaryybbe: вот это реально круто
 18212 | D:12     | Chaositek: Я в управлении теперь путаюсь
 18215 | D:12     | Chaositek: беру вещи на ;
 18226 | D:12     | Rycklaryybbe: ))
 18226 | D:12     | Rycklaryybbe: я когда в адом играю начинаю смотреть на x
 18226 | D:12     | Rycklaryybbe: а не на l
 18226 | D:12     | Rycklaryybbe: привык в кравле
 18525 | D:11     | Chaositek: Лан я пошел покорять аркадию
 18528 | D:11     | Rycklaryybbe: :)
 18528 | D:11     | Rycklaryybbe: удачи
 20952 | D:13     | Found a staircase to the Lair.
 20962 | Lair:1   | Entered Level 1 of the Lair of Beasts
 21473 | Lair:1   | Reached skill level 1 in Evocations
 23388 | Lair:3   | Reached XP level 13. HP: 72/72 MP: 11/32
 23502 | Lair:3   | Learned a level 1 spell: Apportation
 23505 | Lair:3   | Learned a level 2 spell: Swiftness
 23635 | Lair:3   | Reached skill level 16 in Conjurations
 23635 | Lair:3   | Reached skill level 1 in Air Magic
 23917 | Lair:3   | Gained mutation: You tend to lose your temper in combat. [potion of mutation]
 23917 | Lair:3   | Gained mutation: You are covered in fur (AC +1). [potion of mutation]
 24480 | Lair:4   | Noticed Fannar
 24487 | Lair:4   | Killed Fannar
 25495 | Lair:1   | Lost mutation: You tend to lose your temper in combat. [potion of mutation]
 25495 | Lair:1   | Gained mutation: Your magical capacity is low (-10% MP). [potion of mutation]
 25495 | Lair:1   | Gained mutation: You possess an exceptional clarity of mind. [potion of mutation]
 25570 | Lair:1   | Learned a level 4 spell: Airstrike
 25669 | Lair:5   | Found a staircase to the Snake Pit.
 26038 | Lair:5   | Reached skill level 5 in Air Magic
 26202 | Lair:5   | Received a gift from Sif Muna
 26212 | Lair:5   | Learned a level 5 spell: Lightning Bolt
 27610 | Lair:6   | Found a staircase to the Shoals.
 29113 | Lair:6   | Found a staircase to the Snake Pit.
 29118 | Lair:6   | the staircase to the Snake Pit was a mimic.
 29123 | Lair:6   | Reached skill level 10 in Air Magic
 30146 | Lair:7   | Upgraded the game from 0.13-a0-2725-gfd4ef73 to 0.13-a0-2733-g5d3b754
 31238 | Lair:6   | Received a gift from Sif Muna
 31243 | Lair:6   | Reached XP level 14. HP: 47/77 MP: 8/28
 31336 | Lair:6   | Identified Sif Muna's Tome of the Excruciating Birds (Sif Muna gifted it to you on level 6 of the Lair of Beasts)
 32403 | Lair:8   | Entered Level 8 of the Lair of Beasts
 33601 | Lair:8   | Found a staircase to the Slime Pits.
 33624 | Lair:8   | Found a viscous altar of Jiyva.
 33634 | Lair:8   | Fell from the grace of Sif Muna
 33634 | Lair:8   | Became a worshipper of Jiyva Jeap the Shapeless
 33761 | Lair:8   | Acquired Jiyva's first power
 34329 | D:13     | Upgraded the game from 0.13-a0-2733-g5d3b754 to 0.13-a0-2739-gace2dc1
 34484 | Orc:1    | Entered Level 1 of the Orcish Mines
 34621 | Orc:2    | Noticed Nergalle
 34628 | Orc:1    | Acquired Jiyva's second power
 34770 | Orc:2    | Killed Nergalle
 34966 | Orc:2    | Lost mutation: You possess an exceptional clarity of mind. [Jiyva's grace]
 35008 | Orc:2    | Acquired Jiyva's third power
 35011 | Orc:2    | Noticed Psyche
 35013 | Orc:2    | Lost mutation: Your magical capacity is low (-10% MP). [Jiyva's grace]
 35093 | Orc:2    | Killed Psyche
 35112 | Orc:2    | Acquired Jiyva's fourth power
 35115 | Orc:2    | Gained mutation: You are somewhat resistant to further mutation. [Jiyva's grace]
 35496 | Orc:2    | Found a frozen archway.
 35505 | IceCv    | Entered an ice cave
 35986 | IceCv    | Gained mutation: You can spit poison. [Jiyva's grace]
 36309 | IceCv    | Noticed a frost giant
 36316 | IceCv    | Killed a frost giant
 36697 | IceCv    | Reached skill level 10 in Dodging
 36860 | IceCv    | Gained mutation: Your body is slowly deteriorating. [Jiyva's grace]
 37601 | Orc:2    | Learned a level 6 spell: Freezing Cloud
 37606 | Orc:2    | Noticed an orc warlord
 38029 | Orc:2    | Killed an orc warlord
 38559 | Orc:1    | Gained mutation: You possess an exceptional clarity of mind. [Jiyva's grace]
 38771 | Orc:2    | Gained mutation: Your muscles are strong. (Str +2) [Jiyva's grace]
 38802 | Orc:2    | Gained mutation: Your spells are a little harder to cast, but a little more powerful. [Jiyva's grace]
 38807 | Orc:2    | Was placed under penance by Jiyva
 38861 | Orc:2    | Was forgiven by Jiyva
 38910 | Orc:2    | Lost mutation: You are covered in fur (AC +1). [Jiyva's grace]
 38914 | Orc:2    | Noticed Joseph
 38919 | Orc:2    | Killed Joseph
 39197 | Orc:2    | Lost mutation: Your spells are a little harder to cast, but a little more powerful. [Jiyva's grace]
 39271 | Orc:1    | Was placed under penance by Jiyva
 39276 | Orc:1    | Was forgiven by Jiyva
 39308 | Orc:1    | Lost mutation: You are somewhat resistant to further mutation. [Jiyva's grace]
 39545 | Orc:2    | Found a roughly hewn altar of Beogh.
 39845 | Orc:1    | Lost mutation: You can spit poison. [Jiyva's grace]
 39909 | Orc:1    | Was placed under penance by Jiyva
 39970 | Orc:2    | Chaositek: Привет, Джийва? Покеж мутации
 39971 | Orc:2    | Rycklaryybbe: она постоянно то дает то забирает, лол
 39971 | Orc:2    | Chaositek: круто
 39971 | Orc:2    | Rycklaryybbe: ниче крутого)
 39971 | Orc:2    | Rycklaryybbe: никакой стабильности
 39971 | Orc:2    | Rycklaryybbe: через ход может забрать эти
 39971 | Orc:2    | Rycklaryybbe: я ваще сиф мину кинул
 39971 | Orc:2    | Rycklaryybbe: просто решил с дживой побегать
 39971 | Orc:2    | Chaositek: а почему звезды красные ?
 39971 | Orc:2    | Rycklaryybbe: но сиф муна меня прибьет я уверен
 39971 | Orc:2    | Rycklaryybbe: потому что я убил слаймов
 39984 | Orc:2    | Was forgiven by Jiyva
 40054 | Orc:2    | Found a roughly hewn altar of Beogh.
 40075 | Orc:2    | Gained mutation: Your muscles are very strong. (Str +4) [Jiyva's grace]
 40100 | Orc:2    | Was placed under penance by Jiyva
 40172 | Orc:2    | Chaositek: Она на прямую не убивает
 40210 | Orc:2    | Rycklaryybbe: ну уже разок торнадо было
 40228 | Orc:2    | Was forgiven by Jiyva
 40254 | Orc:2    | Chaositek: Иану будет сосать и инту, может конфуз на 1d10+2 хода кинуть
 40308 | Orc:2    | Gained mutation: Your body is deteriorating. [Jiyva's grace]
 40429 | Orc:3    | Chaositek: хотя это же trunk тут всякое может быть
 40473 | Orc:3    | Lost mutation: Your muscles are very strong. (Str +4) [Jiyva's grace]
 40572 | Orc:2    | Rycklaryybbe: надо же было взять сиф муну
 40572 | Orc:2    | Rycklaryybbe: играя за тенгу)
 40572 | Orc:2    | Rycklaryybbe: взял бы вахумета.. играл себе сепбе спокойно)
 40858 | Orc:4    | Entered Level 4 of the Orcish Mines
 40911 | Orc:4    | Found a roughly hewn altar of Beogh.
 40929 | Orc:3    | Found a staircase to the Elven Halls.
 40959 | Orc:3    | Gained mutation: You have a fast metabolism. [Jiyva's grace]
 40966 | Orc:3    | Gained mutation: Your vision is a little blurry. [Jiyva's grace]
 41119 | Orc:4    | Reached XP level 15. HP: 84/84 MP: 2/35
 41346 | Orc:4    | Found a roughly hewn altar of Beogh.
 41504 | Orc:4    | Reached skill level 15 in Air Magic
 41668 | Orc:4    | Lost mutation: You have a fast metabolism. [Jiyva's grace]
 41702 | Orc:4    | Gained mutation: Your body is partially covered in golden eyeballs (Acc +3). [Jiyva's grace]
 41754 | Orc:4    | Lost mutation: Your body is partially covered in golden eyeballs (Acc +3). [Jiyva's grace]
 41766 | Orc:4    | Lost mutation: Your muscles are strong. (Str +2) [Jiyva's grace]
 41774 | Orc:4    | Lost mutation: Your vision is a little blurry. [Jiyva's grace]
 41794 | Orc:4    | Gained mutation: You are frail (-10% HP). [Jiyva's grace]
 41814 | Orc:4    | Lost mutation: You are frail (-10% HP). [Jiyva's grace]
 41860 | Orc:4    | Lost mutation: Your body is deteriorating. [Jiyva's grace]
 41979 | Orc:4    | Gained mutation: Your digestive system is specialised to digest meat. [Jiyva's grace]
 42007 | Orc:4    | Lost mutation: Your body is slowly deteriorating. [Jiyva's grace]
 42017 | Orc:4    | Learned a level 2 spell: Repel Missiles
 42137 | Orc:4    | Lost mutation: You possess an exceptional clarity of mind. [Jiyva's grace]
 42330 | Orc:4    | Found Hefejioc's Food Boutique.
 42330 | Orc:4    | Found Thauj's Weapon Emporium.
 42443 | Orc:4    | Lost mutation: You are partially covered in icy blue scales (AC +1). [Jiyva's grace]
 42565 | Orc:4    | Found Okkur's Gadget Boutique.
 42565 | Orc:4    | Found Kaona's Weapon Emporium.
 42573 | Orc:4    | Gained mutation: Your digestive system is highly specialised to digest meat. [Jiyva's grace]
 42773 | Lair:1   | Gained mutation: Your body is slowly deteriorating. [Jiyva's grace]
 42997 | Lair:8   | Reached skill level 1 in Long Blades
 42999 | Lair:8   | Found a burning altar of Makhleb.
 43225 | Lair:8   | Paralysed by miscasting Iskenderun's Battlesphere for 5 turns
 43338 | Lair:8   | Found a gateway to Hell.
 43417 | Lair:8   | Reached skill level 1 in Shields
 43561 | Lair:8   | Upgraded the game from 0.13-a0-2739-gace2dc1 to 0.13-a0-2772-g9cbdda8
 44613 | Lair:8   | Gained mutation: You have supernaturally acute eyesight. [Jiyva's grace]
 44926 | Slime:1  | Entered Level 1 of the Pits of Slime
 44926 | Slime:1  | Noticed an acid blob
 44992 | Slime:1  | Noticed an acid blob
 44993 | Slime:1  | Noticed an azure jelly
 45190 | Slime:2  | Noticed an acid blob
 45258 | Slime:3  | Noticed an azure jelly
 45301 | Slime:3  | Killed an acid blob
 45304 | Slime:3  | Killed an acid blob
 45377 | Slime:3  | Noticed an acid blob
 45412 | Slime:2  | Noticed an acid blob
 45424 | Slime:2  | Noticed an acid blob
 45830 | Slime:6  | Entered Level 6 of the Pits of Slime
 45853 | Slime:6  | Noticed an acid blob
 45862 | Slime:6  | Found a viscous altar of Jiyva.
 45862 | Slime:6  | Noticed the royal jelly
 45863 | Slime:6  | Noticed an azure jelly
 45864 | Slime:6  | Noticed an acid blob
 45865 | Slime:6  | Noticed an acid blob
 45867 | Slime:6  | Gained mutation: You have acidic saliva. [Jiyva's grace]
 45868 | Slime:6  | Got an encrusted sabre
 45870 | Slime:6  | Lost mutation: Your body is slowly deteriorating. [Jiyva's grace]
 45871 | Slime:6  | Noticed an acid blob
 45872 | Slime:6  | Noticed an acid blob
 45872 | Slime:6  | Gained mutation: Your muscles are strong, but stiff (Str +1, Dex -1). [Jiyva's grace]
 45874 | Slime:6  | Lost mutation: Your muscles are strong, but stiff (Str +1, Dex -1). [Jiyva's grace]
 45878 | Slime:6  | Noticed an eldritch tentacle
 45879 | Slime:6  | Killed an acid blob
 45880 | Slime:6  | Got a slimy rune of Zot
 45883 | Slime:6  | Killed an acid blob
 45885 | Slime:6  | Killed an acid blob
 45888 | Slime:6  | Noticed an azure jelly
 45888 | Slime:6  | Noticed an azure jelly
 45888 | Slime:6  | Noticed an azure jelly
 45889 | Slime:6  | Got a slimy marble ring
 45889 | Slime:6  | Killed an eldritch tentacle
 45894 | Slime:6  | Killed an acid blob
 45900 | Slime:6  | Noticed an azure jelly
 45901 | Slime:6  | Noticed an acid blob
 45905 | Slime:6  | Identified the sabre of Experimentation {holy, +Inv rN+ Int+2} (You found it on level 6 of the Pits of Slime)
 45937 | Slime:6  | Killed an eldritch tentacle
 46027 | Slime:6  | Noticed an acid blob
 46198 | Slime:6  | Killed an acid blob
 46589 | Lair:7   | Gained mutation: Your skin is partially translucent. [Jiyva's grace]
 47566 | D:13     | Learned a level 1 spell: Animate Skeleton
 47597 | D:13     | Reached skill level 1 in Short Blades
 47610 | D:13     | Lost mutation: Your skin is partially translucent. [Jiyva's grace]
 47933 | D:14     | Entered Level 14 of the Dungeon
 48107 | D:14     | Noticed Nikola
 48134 | D:14     | Was placed under penance by Jiyva
 48134 | D:14     | HP: 1/84 [Nikola/chain lightning (6)]
 48266 | D:14     | Was forgiven by Jiyva
 48288 | D:14     | Gained mutation: Armour fits poorly on your pseudopods. [Jiyva's grace]
 48460 | D:15     | Entered Level 15 of the Dungeon
 49162 | D:15     | Noticed Josephine
 49177 | D:15     | Killed Josephine
 49308 | D:15     | Noticed Aizul
 49531 | D:15     | Gained mutation: You are carnivorous and can eat meat at any time. [Jiyva's grace]
 49622 | D:15     | Reached skill level 5 in Shields
 50115 | D:15     | Found a staircase to the Vaults.
 50162 | D:15     | Identified the ring of Ashenzari's Fury {rN+ Str+3 Dam-4} (You found it on level 6 of the Pits of Slime)
 50748 | D:15     | HP: 3/84 [Aizul/bolt of poison (40)]
 50753 | D:15     | Killed Aizul
 51198 | D:15     | Upgraded the game from 0.13-a0-2772-g9cbdda8 to 0.13-a0-2979-gb6a86b3
 51211 | Vaults:1 | Entered Level 1 of the Vaults
 51580 | Vaults:1 | Upgraded the game from 0.13-a0-2979-gb6a86b3 to 0.13-a0-3016-gcb2faac
 51584 | Vaults:1 | Gained mutation: Your rubbery body absorbs attacks (AC +1). [Jiyva's grace]
 51729 | Vaults:1 | Lost mutation: Your rubbery body absorbs attacks (AC +1). [Jiyva's grace]
 51792 | Vaults:1 | Reached skill level 17 in Conjurations
 51794 | Vaults:1 | Was placed under penance by Jiyva
 51848 | Vaults:1 | Was forgiven by Jiyva
 51848 | Vaults:1 | Lost mutation: You have acidic saliva. [Jiyva's grace]
 51888 | Vaults:1 | Reached XP level 16. HP: 80/90 MP: 35/35
 52714 | Vaults:1 | Lost mutation: Armour fits poorly on your pseudopods. [Jiyva's grace]
 52724 | Vaults:1 | Was placed under penance by Jiyva
 52736 | Vaults:1 | Was forgiven by Jiyva
 52807 | Vaults:1 | Reached skill level 5 in Short Blades
 52882 | Vaults:1 | Noticed Agnes
 52966 | Vaults:1 | Upgraded the game from 0.13-a0-3016-gcb2faac to 0.14-a0-426-gb52781e
 53012 | Vaults:1 | Slain by a cyclops

Action                   |  1- 3 |  4- 6 |  7- 9 | 10-12 | 13-15 | 16-18 || total
-------------------------+-------+-------+-------+-------+-------+-------++-------
Melee: Dagger            |     9 |       |       |       |       |       ||     9
       Short sword       |       |     6 |    22 |    88 |   714 |   125 ||   955
       Mace              |       |     2 |       |       |       |       ||     2
       Flail             |       |    12 |    40 |    62 |       |       ||   114
       Staff             |       |       |     1 |     2 |    21 |       ||    24
       Scimitar          |       |       |       |       |    29 |       ||    29
       Sabre             |       |       |       |       |   540 |       ||   540
Throw: Dart              |       |       |       |     1 |       |       ||     1
 Cast: Magic Dart        |    67 |   151 |   203 |   347 |   623 |    13 ||  1404
       Iskenderun's Myst |       |     4 |    46 |   300 |   364 |    10 ||   724
       Dazzling Spray    |       |     4 |     1 |     2 |   111 |    24 ||   142
       Iskenderun's Batt |       |     1 |    24 |    80 |   126 |     2 ||   233
       Searing Ray       |       |       |       |    20 |    52 |     1 ||    73
       Fulminant Prism   |       |       |       |     5 |       |       ||     5
       Lightning Bolt    |       |       |       |       |    26 |       ||    26
       Airstrike         |       |       |       |       |    27 |     5 ||    32
       Swiftness         |       |       |       |       |     4 |       ||     4
       Freezing Cloud    |       |       |       |       |    47 |     2 ||    49
       Repel Missiles    |       |       |       |       |     2 |     3 ||     5
       Apportation       |       |       |       |       |     2 |       ||     2
       Animate Skeleton  |       |       |       |       |     1 |     2 ||     3
Invok: Channel Energy    |       |       |       |    65 |   104 |       ||   169
       Request Jelly     |       |       |       |       |     1 |       ||     1
       Jelly Paralyse    |       |       |       |       |     1 |       ||     1
 Abil: Evoke Flight      |       |     1 |       |       |       |       ||     1
       Fly               |       |       |       |    23 |    49 |       ||    72
       Spit Poison       |       |       |       |       |     1 |       ||     1
       Evoke Invisibilit |       |       |       |       |     1 |       ||     1
Evoke: Wand              |       |       |     1 |       |    18 |       ||    19
       Miscellaneous     |       |       |       |       |     1 |       ||     1
  Use: Scroll            |       |     4 |     3 |    24 |    24 |     3 ||    58
       Potion            |       |       |     1 |     8 |    30 |       ||    39
 Stab: Sleeping          |       |       |       |     1 |     3 |       ||     4
       Invisible         |       |       |       |       |     8 |     3 ||    11
       Distracted        |       |       |       |       |     1 |       ||     1
